 Dungeon Crawl Stone Soup version 0.23-a0-274-g77505739ee (webtiles) character file.

3276 Ablot the Magician (level 10, -7/77 HPs)
             Began as a Gnoll Skald on Oct 2, 2018.
             Mangled by Harold
             ... wielding a +0 glaive
              (17 damage)
             ... on level 8 of the Dungeon.
             The game lasted 00:17:02 (6641 turns).

Ablot the Magician (Gnoll Skald)                    Turns: 6641, Time: 00:17:02

Health: -7/77      AC:  9    Str: 16    XL:     10   Next: 0%
Magic:  12/20      EV: 17    Int: 15    God:
Gold:   128        SH:  0    Dex: 21    Spells: 11/22 levels left

rFire    . . .     SeeInvis .   D - +2 long sword (drain)
rCold    . . .     Gourm    .   (no shield)
rNeg     . . .     Faith    +   b - +0 leather armour
rPois    .         Spirit   .   z - +0 helmet
rElec    .         Reflect  .   C - +2 cloak
rCorr    .         Harm     .   l - +0 pair of gloves
MR       .....                  (no boots)
Stlth    +++.......             j - amulet of faith
HPRegen  0.22/turn              s - +5 ring of dexterity
MPRegen  0.17/turn              (no ring)

@: marked, singing (expiring)
A: distributed training, fangs 1, strong nose
a: no special abilities


You were on level 8 of the Dungeon.
You were not hungry.

You visited 1 branch of the dungeon, and saw 8 of its levels.
You also visited: Sewer.

You collected 468 gold pieces.
You spent 340 gold pieces at shops.

Inventory:

Hand Weapons
 a - a +0 trident
 D - a +2 long sword of draining (weapon)
 K - the +5 hand axe of Xireadgho {antimagic, rElec rF+ Str+2 Dex+6}
   (You found it on level 5 of the Dungeon)

   It reduces the magical energy of the wielder, and disrupts the spells and
   magical abilities of those hit.
   Natural abilities and divine invocations are not affected.
   It affects your strength (+2).
   It affects your dexterity (+6).
   It protects you from fire.
   It insulates you from electricity.
Missiles
 e - 85 sling bullets
 g - 4 throwing nets (quivered)
 m - 193 stones
 t - 36 bolts
 v - 82 arrows
 O - 8 curare-tipped needles
Armour
 b - a +0 leather armour (worn)
 l - a +0 pair of gloves (worn)
 p - a +0 shield
 z - a +0 helmet (worn)
 C - a +2 cloak (worn)
Jewellery
 j - an amulet of faith (around neck)
 s - a +5 ring of dexterity (left hand)
Wands
 w - a wand of polymorph (10)
 I - a wand of paralysis (13)
 P - a wand of acid (9)
 S - a wand of iceblast (8)
Scrolls
 c - 4 scrolls of teleportation
 n - 6 scrolls of identify
 u - 2 scrolls of enchant weapon
 x - 2 scrolls of amnesia
 y - 3 scrolls of magic mapping
 A - a scroll of silence {unknown}
 E - 3 scrolls of remove curse {unknown}
 F - 3 scrolls of immolation {unknown}
 J - a scroll of random uselessness {unknown}
 L - 2 scrolls of blinking {unknown}
 M - a scroll of fog {unknown}
 N - 2 scrolls of fear {unknown}
 R - a scroll of acquirement {unknown}
Potions
 f - 4 potions of might
 h - a potion of ambrosia {unknown}
 i - 4 potions of heal wounds
 k - 3 potions of curing
 o - a potion of resistance {unknown}
 q - 3 potions of haste
 r - a potion of magic {unknown}
 B - 3 potions of brilliance {unknown}
 G - 6 potions of flight
 H - 2 potions of lignification
Comestibles
 d - 14 rations
 Q - 13 chunks of flesh


   Skills:
 + Level 6.6 Fighting
 + Level 4.7 Short Blades
 + Level 4.7 Long Blades
 + Level 4.7 Axes
 + Level 4.7 Maces & Flails
 + Level 6.6 Polearms
 + Level 4.7 Staves
 + Level 4.7 Slings
 + Level 4.7 Bows
 + Level 4.7 Crossbows
 + Level 4.7 Throwing
 + Level 5.4 Armour
 + Level 6.6 Dodging
 + Level 4.7 Stealth
 + Level 4.7 Shields
 + Level 4.7 Unarmed Combat
 + Level 6.9 Spellcasting
 + Level 3.9 Conjurations
 + Level 3.9 Hexes
 + Level 6.8 Charms
 + Level 3.9 Summonings
 + Level 3.9 Necromancy
 + Level 3.9 Translocations
 + Level 3.9 Transmutations
 + Level 3.9 Fire Magic
 + Level 3.9 Ice Magic
 + Level 3.9 Air Magic
 + Level 3.9 Earth Magic
 + Level 3.9 Poison Magic
 + Level 5.1 Invocations
 + Level 4.7 Evocations


You had 11 spell levels left.
You knew the following spells:

 Your Spells              Type           Power        Failure   Level  Hunger
a - Infusion              Chrm           ####         1%          1    None
b - Song of Slaying       Chrm           ####....     1%          2    None
c - Shroud of Golubria    Chrm/Tloc      ###.......   2%          2    None
d - Regeneration          Chrm/Necr      ###.......   5%          3    ##.....
e - Spectral Weapon       Hex/Chrm       ###.....     5%          3    ##.....

Your spell library contained the following spells:

 Spells                   Type           Power        Failure   Level  Hunger


Dungeon Overview and Level Annotations

Branches:
Dungeon (8/15)             Temple (0/1) D:7
   Lair: D:8-11

Altars:
Kikubaaqudgha
Nemelex Xobeh
Qazlal
Trog
Uskayaw
Xom
Yredelemnul

Shops:
D:4 *%!!   D:6 :

Annotations:
D:2 1 runed door
D:8 Harold


Innate Abilities, Weirdness & Mutations

Your experience applies equally to all skills.
You have very sharp teeth.
Your uncanny sense of smell can sniff out nearby items.


Message History

You kill the gnoll!
Harold casts a spell at you. The harpoon shot misses you. Harold misses you.
You riposte.
You hit Harold. You drain Harold!
Harold is lightly wounded.
You slash Harold!
Harold is moderately wounded.
Harold hits you with a glaive!
Casting: Song of Slaying (safe; 1% risk of failure)
Confirm with . or Enter, or press ? or * to list all spells.
You draw out your weapon's spirit!
Your song is almost over.
A hound comes into view.
Harold hits you with a glaive!!
* * * LOW HITPOINT WARNING * * *
You barely miss Harold. You bite Harold.
Harold is moderately wounded.
Your spectral weapon hits Harold but does no damage.
Harold hits you with a glaive!
You die...

#.# #.#
#.# #g#
#.# #.#
#.# #g##
#.# #.$
∆#.# #.#
#.###.##.#
#..†)...<#
#.@)..#(##
#@##### #
∆#(# #h#
#.# ... #.
##


You could see Harold, a hound and a friendly spectral long sword of draining.

Vanquished Creatures
  Grinder (D:3)
  A hippogriff (D:7)
  6 yaks (D:8)
  A water moccasin (D:5)
  A black bear (D:6)
  Purgy (Sewer)
  2 phantoms
  3 ice beasts
  An ogre (D:4)
  A centaur (D:6)
  2 scorpions
  A howler monkey (D:5)
  3 crimson imps (D:5)
  2 jellies
  4 hounds
  4 orc priests
  A gnoll shaman (D:5)
  3 orc wizards
  Natasha (thrice) (D:3)
  2 iguanas
  5 worker ants
  A hound skeleton (D:4)
  7 gnolls
  4 adders
  A shadow imp (D:6)
  An adder skeleton (D:6)
  3 worms
  4 dart slugs
  5 leopard geckos
  23 orcs
  2 ball pythons (Sewer)
  4 bats
  2 bat zombies (D:3)
  5 giant cockroaches
  6 hobgoblins
  6 jackals
  7 kobolds
  2 quokkas
  7 frilled lizards
  A giant cockroach zombie (D:5)
  3 goblins
  2 jackal skeletons
  2 leopard gecko skeletons
  A quokka zombie (D:6)
  9 rats
  A rat zombie (D:3)
157 creatures vanquished.

Notes
Turn   | Place    | Note
-------+----------+-------------------------------------------
     0 | D:1      | Ablot the Gnoll Skald began the quest for the Orb.
     0 | D:1      | Reached XP level 1. HP: 20/20 MP: 6/6
   138 | D:1      | Reached XP level 2. HP: 23/26 MP: 7/7
   459 | D:1      | Learned a level 2 spell: Song of Slaying
   462 | D:1      | Learned a level 2 spell: Shroud of Golubria
  1046 | D:2      | Found a hide-covered altar of Uskayaw.
  1146 | D:2      | Reached skill level 5 in Spellcasting
  1146 | D:2      | Reached XP level 3. HP: 21/31 MP: 1/9
  1152 | D:2      | Learned a level 3 spell: Regeneration
  1156 | D:2      | Learned a level 3 spell: Spectral Weapon
  1493 | D:2      | Found a runed door.
  1493 | D:2      | Noticed a human
  1498 | D:2      | Found a basalt altar of Yredelemnul.
  1671 | D:2      | Reached skill level 1 in Invocations
  1957 | D:3      | Noticed Grinder
  1968 | D:3      | Paralysed by Grinder for 4 turns
  1978 | D:3      | Killed Grinder
  1978 | D:3      | Reached skill level 1 in Short Blades
  1978 | D:3      | Reached skill level 1 in Long Blades
  1978 | D:3      | Reached skill level 1 in Axes
  1978 | D:3      | Reached skill level 1 in Maces & Flails
  1978 | D:3      | Reached skill level 1 in Staves
  1978 | D:3      | Reached skill level 1 in Slings
  1978 | D:3      | Reached skill level 1 in Bows
  1978 | D:3      | Reached skill level 1 in Crossbows
  1978 | D:3      | Reached skill level 1 in Throwing
  1978 | D:3      | Reached skill level 1 in Stealth
  1978 | D:3      | Reached skill level 1 in Shields
  1978 | D:3      | Reached skill level 1 in Unarmed Combat
  1978 | D:3      | Reached skill level 1 in Conjurations
  1978 | D:3      | Reached skill level 1 in Hexes
  1978 | D:3      | Reached skill level 1 in Summonings
  1978 | D:3      | Reached skill level 1 in Necromancy
  1978 | D:3      | Reached skill level 1 in Translocations
  1978 | D:3      | Reached skill level 1 in Transmutations
  1978 | D:3      | Reached skill level 1 in Fire Magic
  1978 | D:3      | Reached skill level 1 in Ice Magic
  1978 | D:3      | Reached skill level 1 in Air Magic
  1978 | D:3      | Reached skill level 1 in Earth Magic
  1978 | D:3      | Reached skill level 1 in Poison Magic
  1978 | D:3      | Reached skill level 1 in Evocations
  1978 | D:3      | Reached XP level 4. HP: 31/38 MP: 2/11
  1978 | D:3      | Reached XP level 5. HP: 35/43 MP: 2/12
  1978 | D:3      | Reached XP level 6. HP: 40/50 MP: 2/13
  2383 | D:3      | Noticed Natasha
  2391 | D:3      | Killed Natasha
  2441 | D:3      | Found an ancient bone altar of Kikubaaqudgha.
  2767 | D:3      | Noticed Natasha
  2777 | D:3      | Killed Natasha
  2777 | D:3      | Reached skill level 5 in Fighting
  2777 | D:3      | Reached skill level 5 in Polearms
  2777 | D:3      | Reached skill level 5 in Dodging
  3046 | D:3      | Noticed Natasha
  3060 | D:3      | Killed Natasha
  3217 | D:4      | Reached XP level 7. HP: 45/56 MP: 2/15
  3590 | D:4      | Found Pithreoly's Distillery.
  3599 | D:4      | Bought a potion of degeneration for 12 gold pieces
  3599 | D:4      | Bought a potion of curing for 36 gold pieces
  3599 | D:4      | Bought a potion of might for 48 gold pieces
  3599 | D:4      | Bought a potion of heal wounds for 60 gold pieces
  3709 | D:4      | Found Diliet's Food Shoppe.
  3977 | D:4      | Found Vuck's Assorted Antiques.
  3990 | D:4      | Bought a scroll labeled ZOS HEONEILAHA for 32 gold pieces
  3990 | D:4      | Bought a scroll labeled YMOF HIUD QADGH for 32 gold pieces
  3990 | D:4      | Bought a scroll labeled EPRI WAOLEGG for 32 gold pieces
  3990 | D:4      | Bought a fuming coppery potion for 28 gold pieces
  4088 | D:4      | Found Ilat's Distillery.
  4105 | D:4      | Bought a potion of lignification for 30 gold pieces
  4105 | D:4      | Bought a potion of flight for 30 gold pieces
  4148 | D:5      | Entered Level 5 of the Dungeon
  4245 | D:5      | Reached XP level 8. HP: 55/63 MP: 11/16
  4669 | D:5      | Found a sparkling altar of Nemelex Xobeh.
  4897 | D:5      | Found a stormy altar of Qazlal.
  5066 | D:5      | Got an encrusted hand axe
  5067 | D:5      | Identified the +5 hand axe of Xireadgho {antimagic, rElec
                  | rF+ Str+2 Dex+6} (You found it on level 5 of the Dungeon)
  5291 | D:6      | Found Ifo Puuw's Book Shoppe.
  5422 | D:6      | Reached XP level 9. HP: 68/69 MP: 18/18
  5478 | D:6      | Found a bloodstained altar of Trog.
  5644 | D:6      | Found a glowing drain.
  5648 | Sewer    | Entered a sewer
  5691 | Sewer    | Noticed Purgy
  5701 | Sewer    | Killed Purgy
  6153 | D:6      | Found a shimmering altar of Xom.
  6306 | D:7      | Found a staircase to the Ecumenical Temple.
  6467 | D:8      | Reached skill level 5 in Armour
  6505 | D:8      | Reached skill level 5 in Invocations
  6626 | D:8      | Noticed Harold
  6635 | D:8      | Reached XP level 10. HP: 44/77 MP: 14/20
  6641 | D:8      | Mangled by Harold

Vault maps used:
D:1:      dpeg_arrival_triangle_fractal, serial_bayou, serial_bayou_pond_a,
          serial_bayou_ford_a, serial_bayou_pond_d, serial_bayou_lagoon_a,
          grunt_decor_cap, minivault_5
D:2:      overflow_temple_1_default, dk_yredelemnul_ordeal
D:3:      lemuel_zombie_altar_kikubaaqudgha, solitary_fountain, uniq_grinder,
          uniq_natasha
D:4:      serial_shops, shop, shop, shop, nicolae_shop_waterfront, st_stairs_11
D:5:      grunt_qazlal_clouds, nemelex_altar_shiori, first_ration
D:6:      marbit_many_paths, serial_shops, shop, gup_sewer_entry_spiral,
          grunt_ministairs_15, bloody_trog
D:7:      cheibrodos_steamvent, fedhas_altar_2,
          minmay_temple_entry_from_below_a, uniq_menkaure
D:8:      uniq_harold
Sewer:    sewer_co_purgy_island

Skill      XL: |  1  2  3  4  5  6  7  8  9 |
---------------+----------------------------+-----
Spellcasting   | 5 6 |  6.9
Invocations    | 2 3 4 5 |  5.1
Short Blades   | 1 2 3 4 |  4.7
Long Blades    | 1 2 3 4 |  4.7
Axes           | 1 2 3 4 |  4.7
Maces & Flails | 1 2 3 4 |  4.7
Staves         | 1 2 3 4 |  4.7
Slings         | 1 2 3 4 |  4.7
Bows           | 1 2 3 4 |  4.7
Crossbows      | 1 2 3 4 |  4.7
Throwing       | 1 2 3 4 |  4.7
Armour         | 3 4 5 |  5.4
Stealth        | 1 2 3 4 |  4.7
Shields        | 1 2 3 4 |  4.7
Unarmed Combat | 1 2 3 4 |  4.7
Conjurations   | 1 2 3 |  3.9
Hexes          | 1 2 3 |  3.9
Summonings     | 1 2 3 |  3.9
Necromancy     | 1 2 3 |  3.9
Translocations | 1 2 3 |  3.9
Transmutations | 1 2 3 |  3.9
Fire Magic     | 1 2 3 |  3.9
Ice Magic      | 1 2 3 |  3.9
Air Magic      | 1 2 3 |  3.9
Earth Magic    | 1 2 3 |  3.9
Poison Magic   | 1 2 3 |  3.9
Evocations     | 1 2 3 4 |  4.7
Fighting       | 5 6 |  6.6
Polearms       | 5 6 |  6.6
Dodging        | 5 6 |  6.6
Charms         | 6 |  6.8

Action                   |  1- 3 |  4- 6 |  7- 9 | 10-12 || total
-------------------------+-------+-------+-------+-------++-------
Melee: Spear             |   105 |   106 |    66 |       ||   277
       Bite              |     8 |    13 |    49 |     1 ||    71
       Unarmed           |       |     4 |       |       ||     4
       Punch             |       |     2 |     9 |       ||    11
       Long sword        |       |       |   199 |     3 ||   202
 Cast: Infusion          |     3 |     1 |     2 |       ||     6
       Shroud of Golubri |     3 |     9 |    21 |       ||    33
       Spectral Weapon   |     1 |     7 |    16 |     1 ||    25
       Song of Slaying   |       |     3 |    10 |       ||    13
       Regeneration      |       |       |     7 |       ||     7
  Use: Scroll            |       |     1 |     7 |       ||     8
       Potion            |       |       |     2 |       ||     2
 Stab: Sleeping          |     3 |     4 |     9 |       ||    16
       Distracted        |       |       |     2 |       ||     2
  Eat: Chunk             |     3 |     5 |    14 |       ||    22
Armor: Leather armour    |    13 |    15 |    78 |       ||   106
       Skin              |       |     1 |       |       ||     1
Dodge: Dodged            |    45 |    58 |   283 |     5 ||   391
       Rpst.: Long sword |       |       |    53 |     3 ||    56

Table legend:
 A = Non-vault XP
 B = Vault XP
 C = Vault XP percentage of total XP
 D = Non-vault monster count
 E = Vault monster count
 F = Vault count percentage of total count
                 A         B        C        D         E       F
            +---------+---------+-------+---------+---------+-------
      Total |    4135 |     545 |  11.6 |     135 |      22 |  14.0
            +---------+---------+-------+---------+---------+-------
        D:1 |      24 |       0 |   0.0 |      14 |       0 |   0.0
        D:2 |      43 |       1 |   2.3 |      16 |       1 |   5.9
        D:3 |      94 |     319 |  77.2 |      15 |       5 |  25.0
        D:4 |     454 |      55 |  10.8 |      26 |       2 |   7.1
        D:5 |    1150 |       0 |   0.0 |      34 |       0 |   0.0
        D:6 |     519 |      28 |   5.1 |      12 |       6 |  33.3
        D:7 |     243 |       0 |   0.0 |       4 |       0 |   0.0
        D:8 |    1608 |       0 |   0.0 |      14 |       0 |   0.0
      Sewer |       0 |     142 | 100.0 |       0 |       8 | 100.0
            +---------+---------+-------+---------+---------+-------
